 Seeded DCSS version 0.29-a0-43-g62a80824bf (webtiles) character file.

Game seed: 16603882162921618398 (custom seed)

133027 riojii the Warrior (level 17, -5/156 HPs)
             Began as a Formicid Fighter on Feb 2, 2022.
             Was a Priest of Ashenzari.
             Slain by a wolf spider (21 damage)
             ... on level 2 of the Spider Nest.
             The game lasted 00:44:55 (24390 turns).

riojii the Warrior (Formicid Fighter)              Turns: 24390, Time: 00:44:56

Health: -5/156     AC: 39    Str: 29    XL:     17   Next: 71%
Magic:  17/17      EV: 11    Int: 13    God:    Ashenzari [***...]
Gold:   1920       SH: 21    Dex: 16    Spells: 16/16 levels left

rFire   . . .      SeeInvis +   K - +4 demon whip of Ashenzari's Shame {vamp, Melee, Fort} (curse)
rCold   + + .      Faith    .   b - +0 tower shield "Esoteric Secrets" {rF- rC+ Str+4, Self, Fort} (curse)
rNeg    . . .      Spirit   .   g - +2 crystal plate armour of Supernal Gnosis {Self, Fort} (curse)
rPois   +          Reflect  .   (helmet unavailable)
rElec   .          Harm     .   O - +1 cloak
rCorr   .          Rampage  .   v - +2 pair of gloves
Will    +....      Clarity  +   l - +2 pair of boots
Stlth   ..........              y - amulet of regeneration
HPRegen 1.16/turn               f - ring of Ashenzari's Limitation {rPois rC+ Str+4 Int+3 SInv, Melee, Fort} (curse)
MPRegen 0.15/turn               o - ring of protection from fire

@: studying Dodging
A: permanent stasis, dig shafts and tunnels, antennae 3, four strong arms,
iridescent scales 1, clever 1, weak 1
a: Dig, Shaft Self, Renounce Religion, Curse Item, Shatter the Chains


You were on level 2 of the Spider Nest.
You worshipped Ashenzari.
Ashenzari was most pleased with you.
You visited 5 branches of the dungeon, and saw 27 of its levels.
You visited 1 bazaar.

You collected 3225 gold pieces.
You spent 1305 gold pieces at shops.

Inventory:

Hand Weapons
 K - the cursed +4 demon whip of Ashenzari's Shame (weapon) {vamp, Melee, Fort}
   (You acquired it on level 1 of the Lair of Beasts)

   It occasionally heals its wielder for a portion of the damage dealt when it
   wounds a living foe.
   It has a curse which improves the following skills: Melee Combat: Short
   Blades, Long Blades, Axes, Maces & Flails, Polearms, Staves and Unarmed
   Combat.
   Fortitude: Armour and Shields.
Armour
 b - the cursed +0 tower shield "Esoteric Secrets" (worn) {rF- rC+ Str+4, Self, Fort}
   (You acquired it on level 1 of the Dungeon)

   Str:       It affects your strength (+4).
   rF:        It makes you vulnerable to fire.
   rC:        It protects you from cold.
   It has a curse which improves the following skills: Introspection: Fighting
   and Spellcasting.
   Fortitude: Armour and Shields.
 g - the cursed +2 crystal plate armour of Supernal Gnosis (worn) {Self, Fort}
   (You acquired it on level 1 of the Dungeon)

   It has a curse which improves the following skills: Introspection: Fighting
   and Spellcasting.
   Fortitude: Armour and Shields.
 l - a +2 pair of boots (worn)
 v - a +2 pair of gloves (worn)
 O - a +1 cloak (worn)
Jewellery
 f - the cursed ring of Ashenzari's Limitation (left hand) {rPois rC+ Str+4 Int+3 SInv, Melee, Fort}
   (You acquired it on level 1 of the Dungeon)

   [ring of poison resistance]

   Str:       It affects your strength (+4).
   Int:       It affects your intelligence (+3).
   rC:        It protects you from cold.
   rPois:     It protects you from poison.
   SInv:      It lets you see invisible.
   It has a curse which improves the following skills: Melee Combat: Short
   Blades, Long Blades, Axes, Maces & Flails, Polearms, Staves and Unarmed
   Combat.
   Fortitude: Armour and Shields.
 o - a ring of protection from fire (right hand)
 t - a ring of resist corrosion
 y - an amulet of regeneration (around neck)
 B - a ring of wizardry
 F - a ring of poison resistance
 P - a +4 ring of evasion
 Q - a ring of protection from cold
 R - a ring of flight
 T - a +4 ring of protection
Wands
 j - a wand of polymorph (17)
 A - a wand of paralysis (7)
 C - a wand of digging (8)
 E - a wand of flame (37)
 J - a wand of charming (6)
 M - a wand of iceblast (3)
 N - a wand of acid (11)
 S - a wand of mindburst (8)
Scrolls
 c - 5 scrolls of amnesia
 d - 2 scrolls of brand weapon
 m - 5 scrolls of vulnerability
 n - 4 scrolls of silence
 s - 4 scrolls of fog
 w - 3 scrolls of holy word
 G - a scroll of fear
 I - 5 scrolls of torment
 L - 4 scrolls of enchant weapon
Potions
 a - 2 potions of heal wounds
 e - 6 potions of lignification
 h - 2 potions of ambrosia
 i - a potion of haste
 k - 2 potions of invisibility
 p - 6 potions of curing
 q - 2 potions of brilliance
 r - 2 potions of flight
 u - 4 potions of cancellation
 x - 5 potions of mutation
 z - a potion of might
 D - 3 potions of magic
 H - 2 potions of attraction


   Skills:
 * Level 18.3(20.5) Fighting
 + Level 15.8(18.2) Maces & Flails
 + Level 13.5(17.3) Armour
 + Level 12.0 Dodging
 + Level 14.6(18.5) Shields


You had 16 spell levels left.
You didn't know any spells.
Your spell library contained the following spells:

 Spells                   Type           Power      Damage    Failure   Level
 Animate Skeleton         Necr           0%         N/A       100%        1
 Apportation              Tloc           0%         N/A       100%        1
 Foxfire                  Conj/Fire      0%         2x1d4     100%        1
 Pain                     Necr           0%         1d4       100%        1
 Shock                    Conj/Air       0%         1d3       100%        1
 Summon Small Mammal      Summ           0%         N/A       100%        1
 Corpse Rot               Necr/Air       0%         N/A       100%        2
 Ensorcelled Hibernation  Hex/Ice        0%         N/A       100%        2
 Passwall                 Tmut/Erth      0%         N/A       100%        2
 Call Canine Familiar     Summ           0%         N/A       100%        3
 Conjure Flame            Conj/Fire      0%         6-21      100%        3
 Dazzling Flash           Conj/Hex       0%         N/A       100%        3
 Inner Flame              Hex/Fire       0%         N/A       100%        3
 Mephitic Cloud           Conj/Pois/Air  0%         N/A       100%        3
 Portal Projectile        Hex/Tloc       0%         N/A       100%        3
 Airstrike                Air            0%         N/A       100%        4
 Flame Wave               Conj/Fire      0%         2d4       100%        4
 Hailstorm                Conj/Ice       0%         3d3       100%        4
 Ice Form                 Ice/Tmut       0%         N/A       100%        4
 Leda's Liquefaction      Hex/Erth       0%         N/A       100%        4
 Olgreb's Toxic Radiance  Pois           0%         N/A       100%        4
 Petrify                  Tmut/Erth      0%         N/A       100%        4
 Agony                    Necr           0%         N/A       100%        5
 Alistair's Intoxication  Tmut/Pois      0%         N/A       100%        5
 Excruciating Wounds      Necr           0%         N/A       100%        5
 Metabolic Englaciation   Hex/Ice        0%         N/A       100%        5
 Silence                  Hex/Air        0%         N/A       100%        5
 Conjure Ball Lightning   Conj/Air       0%         3x3d6     100%        6
 Iron Shot                Conj/Erth      0%         9d1       100%        6
 Simulacrum               Ice/Necr       0%         N/A       100%        6
 Statue Form              Tmut/Erth      0%         N/A       100%        6
 Ozocubu's Refrigeration  Ice            0%         4d5       100%        7
 Ignition                 Fire           0%         3d3       100%        8
 Swiftness                Air            Unusable   N/A       N/A         3

Dungeon Overview and Level Annotations

Branches:
Dungeon (15/15)            Temple (1/1) D:4            Lair (6/6) D:10
 Shoals (0/4) Lair:3       Spider (3/4) Lair:2        Slime (0/5) Lair:5
    Orc (2/2) D:12            Elf (0/3) Orc:2        Vaults (0/5) D:14
 Depths (0/4) D:15

Altars:
Ashenzari
Cheibriados
Dithmenos
Elyvilon
Fedhas
Gozag
Hepliaklqana
Kikubaaqudgha
Makhleb
Nemelex Xobeh
Okawaru
Qazlal
Ru
Sif Muna
Trog
Uskayaw
Vehumet
Wu Jian
Xom
Yredelemnul
Zin
The Shining One
Beogh
Jiyva

Shops:
D:11 (   D:12 (   Orc:2 [?[!(*

Annotations:
D:13 2 runed translucent doors, exclusion: orange crystal statue
Spider:2 3 runed translucent doors, oldriver's ghost, journeyman HOGl


Innate Abilities, Weirdness & Mutations

You cannot be hasted, slowed, berserked, paralysed or teleported.
You can dig through walls and to a lower floor.
You have a pair of large antennae on your head. (SInv)
Your four strong arms can wield two-handed weapons with a shield.
You are partially covered in iridescent scales. (AC +2)
Your mind is acute. (Int +2)
You are weak. (Str -2)


Message History

You block the wolf spider's attack. x2; The boulder beetle bites you.
The wolf spider hits you!! You block the wolf spider's attack.
The wolf spider rages.
The wolf spider hits you but does no damage.
The wolf spider bites you but does no damage.
The wolf spider barely misses you. You block the wolf spider's attack.
You block the wolf spider's attack. The wolf spider completely misses you.
The wolf spider barely misses you. The wolf spider bites you!
* * * LOW HITPOINT WARNING * * *
You block the wolf spider's attack. The wolf spider bites you.
* * * LOW HITPOINT WARNING * * *
There is a stone staircase leading up, spattered with blood here.
You block the wolf spider's attack. x3
The wolf spider bites you but does no damage.
The boulder beetle bites you.
* * * LOW HITPOINT WARNING * * *
The wolf spider hits you but does no damage.
The wolf spider bites you but does no damage.
The wolf spider hits you!
* * * LOW HITPOINT WARNING * * *
The wolf spider bites you but does no damage.
The boulder beetle bites you but does no damage.
You climb upwards.
Level annotation: 3 runed translucent doors, oldriver's ghost, journeyman HOGl
There is a stone staircase leading down here.
You feel much better. You block the wolf spider's attack.
The wolf spider bites you.
* * * LOW HITPOINT WARNING * * *
You block the wolf spider's attack.
The wolf spider bites you but does no damage.
The wolf spider completely misses you. The wolf spider barely misses you. x2
The wolf spider closely misses you. You block the boulder beetle's attack.
The wolf spider barely misses you. The wolf spider bites you.
* * * LOW HITPOINT WARNING * * *
The wolf spider hits you!!
* * * LOW HITPOINT WARNING * * *
The wolf spider bites you!
* * * LOW HITPOINT WARNING * * *
The wolf spider hits you!!
You die...

^....#...##........###......###.#
......######......####.......#...
......## ##.....# #.......#.#..
.......# ##...####........###.
.......## ##..###..#...##..###
........# ##...#####....##.##
##.####.## #.^#######...####..
##.# ##.## ###..## #......## #..
#.## #..###..s@.###..^....###..
..## #.......sB...#........##..
...### #..........###^.......###.
.....###..........# #^........#..
......##..........# #.........#..
.......#..........###..........#.
...................##.^........##
........##........^.^#........###
...#..######.......###......#.###


You could see a boulder beetle (berserk) and 2 wolf spiders.

Vanquished Creatures
  Rupert (D:14)
  Kirke (D:15)
  An emperor scorpion (Spider:1)
  Louise (D:15)
  A broodmother (Spider:2)
  2 entropy weavers
  Azrael (D:15)
  An ettin (D:15)
  Josephine (D:14)
  Erolcha (D:11)
  7 boulder beetles
  13 hydras
  4 centaur warriors
  4 ogre magi (Orc:2)
  2 radroaches
  4 catoblepae
  12 two-headed ogres
  9 death yaks
  A deep troll shaman (Lair:6)
  Urug (D:14)
  A hell knight (D:15)
  5 skeletal warriors (D:13)
  Nergalle (D:12)
  4 pharaoh ants
  2 deep trolls (D:15)
  A glowing orange brain (shapeshifter) (D:14)
  2 steelbarb worms
  5 orb spiders
  3 deep elf pyromancers
  2 orc knights
  7 wolf spiders
  2 wizards (D:15)
  A deep elf zephyrmancer (D:15)
  An orc sorcerer (Orc:1)
  A necromancer (D:15)
  9 ugly things (D:15)
  7 cyclopes
  3 centaur zombies
  4 manticores
  24 elephants
  A merfolk siren (Lair:3)
  2 black mambas
  2 torpor snails (Spider:1)
  2 gargoyles
  An unseen horror (D:10)
  A kobold demonologist (D:11)
  9 cane toads
  7 rime drakes (D:15)
  2 efreet (D:14)
  2 demonic crawlers
  6 komodo dragons
  4 trolls
  3 polar bears
  5 dream sheep (Lair:6)
  17 slime creatures
  11 tarantellas
  4 blink frogs (Lair:6)
  3 shadows
  19 jumping spiders
  Sigmund (D:6)
  5 wraiths
  8 culicivoras
  10 wyverns
  11 basilisks
  15 humans (D:14)
  51 yaks
  A basilisk (shapeshifter) (D:15)
  37 redbacks
  10 vampire mosquitoes
  4 fire elementals (D:15)
  4 acid dragons
  17 water moccasins
  4 wargs (Orc:1)
  6 hell hounds (D:15)
  15 orc warriors
  A swamp drake (D:10)
  5 black bears
  2 ice beasts (D:6)
  28 ogres
  9 wolves
  A phantom (D:5)
  A necrophage (D:5)
  16 centaurs
  A kobold brigand (D:6)
  14 bullfrogs
  2 scorpions
  A wyvern zombie (D:8)
  A water moccasin zombie (D:7)
  6 killer bees (D:10)
  2 electric eels (Lair:6)
  2 howler monkeys
  6 hounds
  A gnoll shaman (D:7)
  9 orc priests
  7 jellies
  3 centaur skeletons
  Terence (D:3)
  4 iguanas
  11 orc wizards
  4 hell rats (D:15)
  A hound skeleton (D:5)
  13 gnolls
  7 adders
  A shadow imp (D:7)
  2 white imps (D:5)
  2 worms
  45 orcs
  8 ball pythons
  4 endoplasms
  4 giant cockroaches
  3 goblins
  9 hobgoblins
  3 jackals (D:3)
  3 quokkas
  A bat (D:1)
  2 frilled lizards
  8 kobolds
  7 rats
714 creatures vanquished.

Vanquished Creatures (collateral kills)
  Nessos (D:14)
1 creature vanquished.

Vanquished Creatures (others)
  A vampire (D:12)
  A redback (Spider:1)
  13 fungi
  17 plants
32 creatures vanquished.

Grand Total: 747 creatures vanquished

Notes
Turn   | Place    | Note
-------+----------+-------------------------------------------
     0 | D:1      | riojii the Formicid Fighter began the quest for the Orb.
     0 | D:1      | Reached XP level 1. HP: 18/18 MP: 1/1
   216 | D:1      | Reached XP level 2. HP: 17/24 MP: 2/2
   322 | D:1      | Identified 3 scrolls of acquirement
   322 | D:1      | Acquired a +2 crystal plate armour
   335 | D:1      | Acquired the +0 tower shield "Ytoitar" {rF- rC+ Str+4}
   347 | D:1      | Acquired the ring "Jomotauw" {rPois rC+ Str+4 Int+3 SInv}
   499 | D:1      | Found a faded altar of an unknown god.
   675 | D:1      | Reached XP level 3. HP: 29/30 MP: 3/3
   997 | D:2      | Reached XP level 4. HP: 27/37 MP: 4/4
  1395 | D:3      | Reached skill level 4 in Fighting
  1435 | D:3      | Reached skill level 1 in Dodging
  1727 | D:3      | Noticed Terence
  1742 | D:3      | Killed Terence
  1743 | D:3      | Reached XP level 5. HP: 13/42 MP: 5/5
  2877 | D:4      | Reached XP level 6. HP: 42/49 MP: 6/6
  3013 | D:4      | Noticed a black bear
  3021 | D:4      | Killed a black bear
  3062 | D:4      | Found a staircase to the Ecumenical Temple.
  3278 | D:4      | Reached skill level 5 in Fighting
  3558 | Temple   | Entered the Ecumenical Temple
  3706 | Temple   | Became a worshipper of Ashenzari the Shackled
  3738 | D:5      | Entered Level 5 of the Dungeon
  3861 | D:5      | Reached XP level 7. HP: 55/56 MP: 7/7
  3927 | D:5      | Reached skill level 5 in Shields
  4170 | D:5      | Reached XP level 8. HP: 59/64 MP: 8/8
  4498 | D:6      | Reached skill level 6 in Fighting
  4498 | D:6      | Reached skill level 5 in Maces & Flails
  4498 | D:6      | Reached skill level 5 in Armour
  4694 | D:6      | Noticed a wraith
  4708 | D:6      | Killed a wraith
  4820 | D:6      | Noticed Sigmund
  4830 | D:6      | Killed Sigmund
  4831 | D:6      | Reached XP level 9. HP: 72/72 MP: 9/9
  4856 | D:6      | Reached skill level 7 in Fighting
  5151 | D:6      | Found an ancient bone altar of Kikubaaqudgha.
  5739 | D:7      | Found a shadowy altar of Dithmenos.
  5739 | D:7      | Found a shimmering altar of Xom.
  5748 | D:7      | Found a hazy altar of Hepliaklqana.
  5977 | D:7      | Reached skill level 8 in Fighting
  6192 | D:7      | You fall into a shaft and drop 2 floors!
  6354 | D:8      | Reached XP level 10. HP: 46/82 MP: 10/10
  6431 | D:8      | Reached skill level 9 in Fighting
  6822 | D:8      | Found a sand-covered staircase.
  6873 | D:8      | Identified the +9 fustibalus "Galixe" {vorpal, rF+ Str+4
                  | Int+3 SInv}
  6895 | D:8      | Noticed a gargoyle
  6926 | D:8      | Killed a gargoyle
  7360 | D:9      | Found a stormy altar of Qazlal.
  7378 | D:9      | Found a bloodstained altar of Trog.
  7662 | D:9      | Reached skill level 5 in Dodging
  7783 | D:10     | Entered Level 10 of the Dungeon
  7958 | D:10     | Found a burning altar of Makhleb.
  7973 | D:10     | Noticed a two-headed ogre
  7984 | D:10     | Killed a two-headed ogre
  7985 | D:10     | Reached skill level 10 in Fighting
  7985 | D:10     | Reached XP level 11. HP: 90/92 MP: 11/11
  8202 | D:10     | Found an ornate altar of the Wu Jian Council.
  8590 | D:10     | Found a staircase to the Lair.
  8830 | D:11     | Noticed a manticore
  8846 | D:11     | Killed a manticore
  8929 | D:11     | Found a gate leading to a gauntlet.
  8950 | D:11     | Noticed Erolcha
  8968 | D:11     | Killed Erolcha
  8969 | D:11     | Reached skill level 11 in Fighting
  9184 | D:11     | Noticed a boulder beetle
  9232 | D:11     | Killed a boulder beetle
  9233 | D:11     | Reached skill level 10 in Maces & Flails
  9233 | D:11     | Reached XP level 12. HP: 24/101 MP: 12/12
  9560 | D:11     | Found Ysyaneur's Weapon Shop.
  9611 | D:11     | Noticed a two-headed ogre
  9619 | D:11     | Killed a two-headed ogre
 10136 | D:12     | Noticed a centaur warrior
 10169 | D:12     | Killed a centaur warrior
 10223 | D:12     | Reached skill level 12 in Fighting
 10368 | D:12     | Found Pisuha's Weapon Shop.
 10369 | D:12     | Found a staircase to the Orcish Mines.
 10460 | D:12     | Noticed Nergalle
 10471 | D:12     | Killed Nergalle
 11025 | Lair:1   | Entered Level 1 of the Lair of Beasts
 11111 | Lair:1   | Noticed a six-headed hydra
 11111 | Lair:1   | Noticed a five-headed hydra
 11123 | Lair:1   | Killed a five-headed hydra
 11124 | Lair:1   | Reached skill level 10 in Shields
 11293 | Lair:1   | Killed a six-headed hydra
 11380 | Lair:1   | Reached XP level 13. HP: 107/109 MP: 13/13
 12121 | Lair:1   | Acquired a +1 vampiric demon whip
 12150 | Lair:2   | Noticed a five-headed hydra
 12167 | Lair:2   | Noticed a four-headed hydra
 12186 | Lair:2   | Killed a four-headed hydra
 12243 | Lair:2   | Found a hole to the Spider Nest.
 12413 | Lair:2   | Reached skill level 13 in Fighting
 12475 | Lair:2   | You fall into a shaft and drop 2 floors!
 12666 | Lair:3   | Noticed an eight-headed hydra
 12711 | Lair:3   | Killed an eight-headed hydra
 12712 | Lair:3   | Reached skill level 10 in Armour
 12988 | Lair:2   | Killed a five-headed hydra
 13732 | Lair:3   | Noticed a seven-headed hydra
 13740 | Lair:3   | Killed a seven-headed hydra
 13741 | Lair:3   | Reached XP level 14. HP: 117/120 MP: 14/14
 13772 | Lair:3   | Found a staircase to the Shoals.
 14356 | Lair:4   | Reached skill level 14 in Fighting
 15297 | Lair:5   | Reached * piety under Ashenzari
 15467 | Lair:5   | Found a viscous altar of Jiyva.
 15467 | Lair:5   | Found a staircase to the Slime Pits.
 15924 | Lair:6   | Entered Level 6 of the Lair of Beasts
 16272 | Lair:6   | Reached skill level 15 in Fighting
 16284 | Lair:6   | Reached XP level 15. HP: 116/131 MP: 15/15
 16709 | Lair:6   | Reached ** piety under Ashenzari
 17281 | D:13     | Found a runed translucent door.
 17287 | D:13     | Found the +10 tower shield of Ignorance {rN+ Int-4}
 17454 | D:13     | Found a runed translucent door.
 17780 | D:14     | Noticed Rupert
 17780 | D:14     | Noticed Urug
 17780 | D:14     | Noticed Nessos
 17780 | D:14     | Found a gate to the Vaults.
 17828 | D:14     | Identified the Compendium of Dhcmrlchtdj
 17850 | D:14     | Identified the Grimoire of Sand
 17856 | D:14     | Identified the Volume of Combed Thunderclap
 17993 | D:14     | Noticed Josephine
 18024 | D:14     | Killed Josephine
 18103 | D:14     | Killed Nessos
 18775 | D:14     | Killed Rupert
 18782 | D:14     | Killed Urug
 18831 | D:14     | Reached skill level 16 in Fighting
 18989 | D:15     | Entered Level 15 of the Dungeon
 18989 | D:15     | Found a viscous altar of Jiyva.
 19083 | D:15     | Found a staircase to the Depths.
 19096 | D:15     | Noticed Louise
 19216 | D:15     | Reached XP level 16. HP: 139/140 MP: 16/16
 19298 | D:15     | Noticed Kirke
 19307 | D:15     | Killed Louise
 19319 | D:15     | Killed Kirke
 19420 | D:15     | Noticed Azrael
 19484 | D:15     | Killed Azrael
 19485 | D:15     | Reached skill level 15 in Maces & Flails
 19631 | D:15     | Reached *** piety under Ashenzari
 19742 | D:15     | Reached skill level 10 in Dodging
 19754 | D:15     | Found a flickering gateway to a bazaar.
 19761 | Bazaar   | Entered a bazaar
 19770 | Bazaar   | Found Naki's Jewellery Shop.
 19770 | Bazaar   | Found Qiytuode's Book Boutique.
 19779 | Bazaar   | Bought a manual of Dodging for 1200 gold pieces
 20461 | Orc:1    | Entered Level 1 of the Orcish Mines
 20632 | Orc:1    | Reached skill level 17 in Fighting
 20974 | Orc:2    | Entered Level 2 of the Orcish Mines
 20992 | Orc:2    | Found a staircase to the Elven Halls.
 21196 | Orc:2    | Found Nall's Assorted Antiques.
 21529 | Orc:2    | Found Ucalyegu's Firing Range.
 21560 | Orc:2    | Found Huidoato's Antique Armour Emporium.
 21560 | Orc:2    | Found Ibrek's Antique Armour Boutique.
 21560 | Orc:2    | Found Erily's Distillery.
 21560 | Orc:2    | Found Iffoes's Magic Scroll Emporium.
 21571 | Orc:2    | Bought a scroll of enchant weapon for 105 gold pieces
 21607 | Orc:2    | Reached XP level 17. HP: 154/154 MP: 17/17
 21985 | Spider:1 | Entered Level 1 of the Spider Nest
 22234 | Spider:1 | Identified the +2 robe of Syndicalism {Will++ Str+4 Dex+2}
 23028 | Spider:2 | Reached skill level 18 in Fighting
 23053 | Spider:2 | Gained mutation: Your spells are a little easier to cast,
                  | but a little less powerful. [mutagenic glow]
 23063 | Spider:2 | Gained mutation: Your body sometimes deteriorates upon
                  | taking damage. [mutagenic glow]
 23185 | Spider:2 | Lost mutation: Your body sometimes deteriorates upon taking
                  | damage. [potion of mutation]
 23185 | Spider:2 | Lost mutation: Your spells are a little easier to cast, but
                  | a little less powerful. [potion of mutation]
 23185 | Spider:2 | Gained mutation: You are weak. (Str -2) [potion of
                  | mutation]
 23185 | Spider:2 | Gained mutation: Your mind is acute. (Int +2) [potion of
                  | mutation]
 23185 | Spider:2 | Gained mutation: You are partially covered in iridescent
                  | scales. (AC +2) [potion of mutation]
 23813 | Spider:2 | Found a runed translucent gate.
 23813 | Spider:2 | Found a runed translucent gate.
 23815 | Spider:2 | Found a runed translucent gate.
 23916 | Spider:2 | Identified the -6 pair of gloves of Truth {rElec Will++
                  | Str-4}
 23917 | Spider:2 | Noticed oldriver's ghost (journeyman HOGl)
 24390 | Spider:2 | Slain by a wolf spider

Illustrated notes

Levels and vault maps discovered:
D:1:      dpeg_arrival_rhombi, layout_rooms, hellmonk_ecumenical_altar_blasted,
          minmay_misc_feat_five, corexii_leaking_fountain,
          minmay_small_reverse_x
D:2:      layout_basic
D:3:      layout_basic, uniq_terence
D:4:      layout_cave_pods, minmay_temple_entry_hall
D:5:      layout_rooms, minmay_bent
D:6:      layout_loops_corners, mainiacjoe_overflow_six_doors_small,
          grunt_decor_one_mirror, uniq_sigmund
D:7:      layout_loops_ring, grunt_temple_overflow_open
D:8:      layout_basic, serial_corexii_hall, chequers_hall_statues_wall_a,
          chequers_hall_statues_y, nicolae_ossuary_entry_false_entrances,
          kennysheep_generic_room_9
D:9:      layout_rooms, bloody_trog, amcnicky_altar_gilded
D:10:     layout_irregular_city, nicolae_wu_jian_wuxing_cycle,
          overflow_temple_1_default, erik_lair_dragon
D:11:     layout_irregular_city, serial_shops,
          nicolae_shop_bloodbath_and_beyond, gauntlet_entry_generic,
          uniq_erolcha
D:12:     layout_stronghold, orc_david_3, uniq_nergalle
D:13:     layout_big_octagon, chequers_guarded_unrand_ignorance
D:14:     layout_loops_corners, david_vaults_3, minivault_24,
          bh_hangedman_babel_library, uniq_josephine
D:15:     hangedman_depths_entry_civil_slaughter, layout_loops_ring,
          serial_shops, bzr_entry_islet, minmay_stone_trees_medium, special_room
          [special_room_mythical_zoo], hangedman_abyss_or_decor_clamps,
          jiyva_altar_1, uniq_azrael, uniq_kirke, uniq_rupert, uniq_louise
Temple:   eino_narrow_crystal_temple
Lair:1:   layout_regular_city
Lair:2:   layout_cellular_growth, spider_nest_entry_webs, grunt_megastairs_3,
          infiniplex_staircase_pool_2
Lair:3:   layout_long_grid, minmay_shoals_entry_lonely_mermaid,
          nicolae_volcano_entry_two_sided
Lair:4:   layout_big_grid, chequers_serial_rivers_large_b
Lair:5:   layout_long_grid, dpeg_slime_entry_enclosed_altar, beast_lair_carwin_5
Lair:6:   grunt_lair_end_beastmaster, layout_gridlike, serial_bayou_shore_a
Spider:1: layout_cave_pods, hive_lemuel
Spider:2: layout_chambers, gammafunk_ghost_necromancy,
          hellmonk_watch_for_rolling_rocks
Spider:3: layout_spider_delve, uniq_roxanne
Orc:1:    cheibrodos_orc_guarddog, layout_caves, basic_altar
Orc:2:    st_orc_ogre_mass, layout_diamond_mine, serial_shops, shop,
          nicolae_shop_firing_range

Skill      XL: |  1  2  3  4  5  6  7  8  9 10 11 12 13 14 15 16 17 |
---------------+----------------------------------------------------+-----
Shields        | 4 5 6 8 9 10 11 12 13 14 | 14.6
Fighting       | 4 5 6 8 10 11 12 13 15 16 17 18 | 18.3
Dodging        | 1 2 3 4 5 6 7 8 9 11 12 | 12.0
Maces & Flails | 3 4 5 7 8 10 11 12 13 14 15 | 15.8
Armour         | 4 5 6 7 8 9 10 11 12 13 | 13.5

Action                   |  1- 3 |  4- 6 |  7- 9 | 10-12 | 13-15 | 16-18 || total
-------------------------+-------+-------+-------+-------+-------+-------++-------
Melee: Flail             |    91 |   176 |   339 |   768 |    79 |       ||  1453
       Demon whip        |       |       |       |       |  1436 |  1212 ||  2648
Invok: Curse Item        |       |       |     1 |       |     2 |     1 ||     4
Evoke: Wand              |       |       |       |     3 |       |       ||     3
  Use: Scroll            |     3 |       |       |       |    28 |       ||    31
       Potion            |       |     1 |       |       |       |     3 ||     4
 Stab: Petrified         |       |       |       |       |     3 |       ||     3
       Distracted        |       |       |       |       |     1 |       ||     1
Armor: Scale mail        |    20 |       |       |       |       |       ||    20
       Crystal plate arm |    67 |   173 |   328 |   782 |   746 |   435 ||  2531
Dodge: Dodged            |    14 |    30 |    71 |   243 |   305 |   248 ||   911
Block: Buckler           |     9 |       |       |       |       |       ||     9
       Tower shield      |    63 |   162 |   376 |   933 |  1225 |  1095 ||  3854

Table legend: (Time is in decaauts)
 A = Elapsed time spent in this place.
 B = Non-inter-level travel time spent in this place.
 C = Inter-level travel time spent in this place.
 D = Time resting spent in this place.
 E = Time spent auto-exploring this place.
 F = Levels seen in this place.
 G = Mean time per level.
                   A        B        C        D        E       F      G
               +--------+--------+--------+--------+--------+-----+--------+
         Total |  23914 |  22659 |   1255 |    201 |  16329 |  28 |  854.1 |
       Dungeon |  14481 |  13677 |    804 |     44 |   9998 |  15 |  965.4 |
        Temple |    156 |    142 |     14 |      0 |    135 |   1 |  156.0 |
          Lair |   5811 |   5459 |    352 |    157 |   3749 |   6 |  968.5 |
   Spider Nest |   2196 |   2160 |     36 |      0 |   1556 |   3 |  732.0 |
  Orcish Mines |   1241 |   1195 |     46 |      0 |    870 |   2 |  620.5 |
        Bazaar |     26 |     26 |      0 |      0 |     21 |   1 |   26.0 |
               +--------+--------+--------+--------+--------+-----+--------+

Top non-repeatable levels by time:
Spider:2: 1407 daAuts
     D:3: 1311 daAuts
    D:15: 1215 daAuts
    D:12: 1212 daAuts
  Lair:1: 1201 daAuts
    D:10: 1194 daAuts
    D:11: 1175 daAuts
     D:6: 1123 daAuts
    D:14: 1084 daAuts
     D:8: 1061 daAuts
  Lair:3: 1043 daAuts
     D:4: 986 daAuts
  Lair:2: 956 daAuts
  Lair:6: 934 daAuts
     D:1: 893 daAuts
